 Dungeon Crawl Stone Soup version 0.30-a0-125-g51eefa89be (webtiles) character file.

Game seed: 18419701394701504177

70 Maken the Chopper (level 4, -3/40 HPs)
             Began as a Hill Orc Monk on Sept 18, 2022.
             Slain by Terence
             ... wielding a +0 flail
              (8 damage)
             ... on level 2 of the Dungeon.
             The game lasted 00:03:14 (1864 turns).

Maken the Chopper (Hill Orc Monk)                   Turns: 1864, Time: 00:03:15

Health: -3/40      AC:  2    Str: 15    XL:     4   Next: 22%
Magic:  4/4        EV: 13    Int: 10    God:
Gold:   41         SH:  0    Dex: 19    Spells: 3/3 levels left

rFire   . . .      SeeInvis .    a - +0 hand axe
rCold   . . .      Faith    .    (no shield)
rNeg    . . .      Spirit   .    b - +0 robe
rPois   .          Reflect  .    (no helmet)
rElec   .          Harm     .    (no cloak)
rCorr   .          Rampage  .    (no gloves)
Will    .....                    (no boots)
Stlth   ++........               (no amulet)
HPRegen 0.13/turn                d - +6 ring of dexterity
MPRegen 0.09/turn                (no ring)

@: no status effects
A: no striking features
a: no special abilities


You were on level 2 of the Dungeon.
You visited 1 branch of the dungeon, and saw 2 of its levels.

You collected 41 gold pieces.

Inventory:

Hand Weapons
 a - a +0 hand axe (weapon)
Armour
 b - a +0 robe (worn)
Jewellery
 d - a +6 ring of dexterity (left hand)
Scrolls
 c - 3 scrolls of identify {unknown}
 e - 2 scrolls of brand weapon {unknown}
 f - a scroll of fog {unknown}
 g - a scroll of acquirement {unknown}
Potions
 h - a potion of mutation {unknown}
 i - a potion of ambrosia
 j - 2 potions of curing {unknown}


   Skills:
 + Level 4.2 Fighting
 * Level 5.2 Axes
 + Level 1.5 Armour
 + Level 2.8 Dodging
 - Level 1.5 Stealth


You had 3 spell levels left.
You didn't know any spells.
Your spell library was empty.

Dungeon Overview and Level Annotations

Branches:
Dungeon (2/15)

Altars:

Shops:
D:2 =!

Annotations:
D:2 Terence


Message History

You hit Terence.
Terence is lightly wounded.
Terence barely misses you.
You hit Terence but do no damage.
Terence is lightly wounded.
Terence hits you with a +0 flail.
You hit Terence.
Terence is moderately wounded.
Terence hits you with a +0 flail.
You hit Terence.
Terence is moderately wounded.
Terence hits you with a +0 flail.
You hit Terence but do no damage.
Terence is moderately wounded.
Terence completely misses you.
You hit Terence but do no damage.
Terence is moderately wounded.
Terence barely misses you. Terence hits you with a +0 flail!
You are too injured to fight recklessly!
You are too injured to fight recklessly!
You hit Terence but do no damage.
Terence is moderately wounded.
Terence barely misses you.
You barely miss Terence.
Terence is moderately wounded.
Terence completely misses you.
You hit Terence.
Terence is heavily wounded.
Terence barely misses you.
You barely miss Terence.
Terence is heavily wounded.
Terence hits you with a +0 flail!
* * * LOW HITPOINT WARNING * * *
You barely miss Terence.
Terence is heavily wounded.
Terence barely misses you.
You hit Terence.
Terence is heavily wounded.
Terence hits you with a +0 flail!
You die...

#..###....###
##.
##..........#
.
#####....#.#
.# ####.#..
#.# #.# #.#
#.#######
#?..@@..#
#...........
#.......###.
#.......#
#.####### #.#
... :..


You could see Terence.

Vanquished Creatures
  Natasha (D:2)
  An adder (D:2)
  2 dart slugs (D:1)
  An endoplasm (D:1)
  A giant cockroach (D:1)
  2 goblins (D:1)
  7 hobgoblins
  2 quokkas (D:1)
  6 ball pythons
  A bat (D:1)
  A frilled lizard (D:1)
  2 kobolds (D:1)
  7 rats
34 creatures vanquished.

Notes
Turn   | Place    | Note
-------+----------+-------------------------------------------
     0 | D:1      | Maken the Hill Orc Monk began the quest for the Orb.
     0 | D:1      | Reached XP level 1. HP: 19/19 MP: 1/1
   194 | D:1      | Reached XP level 2. HP: 27/27 MP: 2/2
   851 | D:1      | Reached skill level 1 in Armour
   912 | D:1      | Reached XP level 3. HP: 21/33 MP: 3/3
  1221 | D:2      | Noticed Natasha
  1221 | D:2      | Found Uci Ryel's Distillery.
  1405 | D:2      | Found a faded altar of an unknown god.
  1703 | D:2      | Killed Natasha
  1704 | D:2      | Reached skill level 5 in Axes
  1704 | D:2      | Reached XP level 4. HP: 24/40 MP: 4/4
  1705 | D:2      | Found Arras's Jewellery Shop.
  1848 | D:2      | Noticed Terence
  1864 | D:2      | Slain by Terence

Illustrated notes

Levels and vault maps discovered:
D:1:      amcnicky_arrival_feature_with_door, layout_basic
D:2:      layout_rooms, serial_shops, shop, nicolae_diamond_shop,
          shapermc_ecumenical_altar_totnotflames, uniq_natasha, uniq_terence,
          uniq_jessica

Skill      XL: |  1  2  3 |
---------------+----------+-----
Armour         | 1 |  1.5
Fighting       | 4 |  4.2
Axes           | 5 |  5.2
Dodging        | |  2.8
Stealth        | |  1.5

Action                   |  1- 3 |  4- 6 || total
-------------------------+-------+-------++-------
Melee: Hand axe          |   102 |    17 ||   119
  Use: Potion            |     2 |       ||     2
 Stab: Sleeping          |     3 |     1 ||     4
Armor: Robe              |    16 |       ||    16
Dodge: Dodged            |    80 |     9 ||    89

Table legend: (Time is in decaauts)
 A = Elapsed time spent in this place.
 B = Non-inter-level travel time spent in this place.
 C = Inter-level travel time spent in this place.
 D = Time resting spent in this place.
 E = Time spent auto-exploring this place.
 F = Levels seen in this place.
 G = Mean time per level.
                   A        B        C        D        E       F      G
               +--------+--------+--------+--------+--------+-----+--------+
         Total |   1872 |   1739 |    133 |      0 |   1488 |   2 |  936.0 |
       Dungeon |   1872 |   1739 |    133 |      0 |   1488 |   2 |  936.0 |
               +--------+--------+--------+--------+--------+-----+--------+

Top non-repeatable levels by time:
     D:1: 1348 daAuts
     D:2: 523 daAuts
